 Dungeon Crawl Stone Soup version 0.31.0-11-ge490571c62 (webtiles) character file.

Game seed: 12426555223848862379

1628 javelincjr the Trooper (level 8, -6/67 HPs)
             Began as a Demonspawn Berserker on Feb 5, 2024.
             Was a Priest of Trog.
             Mangled by an orc warrior
             ... wielding a +0 long sword
              (7 damage)
             ... on level 7 of the Dungeon.
             The game lasted 00:16:41 (5979 turns).

javelincjr the Trooper (Demonspawn Berserker)       Turns: 5979, Time: 00:16:42

Health: -6/67      AC:  7    Str: 19    XL:     8   Next: 65%
Magic:  8/8        EV: 11    Int:  7    God:    Trog [***...]
Gold:   289        SH:  0    Dex: 14    Spells: 7/7 levels left

rFire   . . .        h - +1 whip (elec)
rCold   . . .        (no shield)
rNeg    . . .        p - +0 scale mail
rPois   .            (no helmet)
rElec   .            (no cloak)
rCorr   .            (no gloves)
SInv    .            (no boots)
Will    .....        (no amulet)
Stlth   +            (no ring)
HPRegen 0.31/turn    (no ring)
MPRegen 0.11/turn

%: no passive effects
@: about to teleport, on berserk cooldown, slowed, very slow
A: demonic guardian 1, spiny 2, demonic touch 2
a: Renounce Religion, Berserk, Trog's Hand


You were on level 7 of the Dungeon.
You worshipped Trog.
Trog was most pleased with you.
You visited 1 branch of the dungeon, and saw 7 of its levels.
You also visited: Sewer.

You collected 289 gold pieces.

Inventory:

Hand Weapons
 a - a +0 spear
 h - a +1 whip of electrocution (weapon)
 j - a +0 orcbow
 o - a +1 spectral quarterstaff
 B - a +2 flail
Missiles
 z - 4 poisoned darts (quivered)
Armour
 b - a +0 animal skin
 p - a +0 scale mail (worn)
 w - the +0 leather armour of Foolhardiness {Dex+3}
   (You found it on level 5 of the Dungeon)

   Dex+3:     It affects your dexterity (+3).
 y - a +2 robe of cold resistance
Scrolls
 c - 2 scrolls of teleportation
 f - 2 scrolls of poison {unknown}
 g - a scroll of enchant armour {unknown}
 m - 3 scrolls of vulnerability {unknown}
 q - a scroll of enchant weapon {unknown}
 r - a scroll of fog {unknown}
 A - a scroll of revelation {unknown}
Potions
 d - 2 potions of cancellation
 e - 4 potions of might
 i - a potion of invisibility {unknown}
 k - 4 potions of brilliance
 l - 2 potions of ambrosia
 n - 6 potions of attraction
 s - 2 potions of heal wounds {unknown}
 t - a potion of curing {unknown}
 u - a potion of degeneration {unknown}
 v - 2 potions of magic
 x - a potion of lignification {unknown}


   Skills:
 * Level 7.0 Fighting
 + Level 2.3(3.0) Maces & Flails
 - Level 3.0(3.5) Polearms
 - Level 2.8(3.8) Staves
 + Level 4.4 Armour
 + Level 4.3 Dodging
 + Level 3.9 Stealth


You had 7 spell levels left.
You didn't know any spells.
Your spell library was empty.

Dungeon Overview and Level Annotations

Branches:
Dungeon (7/15)              Sewer (visited)
 Temple: D:4-7

Altars:
Ashenzari
Nemelex Xobeh
Trog

Shops:
D:5 (

Annotations:
D:7 Jeremiah


Innate Abilities, Weirdness & Mutations

A weak demonic guardian rushes to your aid.
You are mostly covered in sharp spines.
Your touch may inflict irresistible damage on your foes.


Message History

Your touch misses the orc warrior.
The orc warrior is heavily wounded.
You feel sick.
The orc warrior is struck by your spines.
The orc warrior hits you with a +0 long sword!
The orc is struck by your spines. The orc barely misses you.
You hit the orc warrior but do no damage.
Your touch misses the orc warrior.
The orc warrior is severely wounded.
You feel sick. The orc hits you with a +0 flail! The orc completely misses you.
The orc warrior hits you with a +0 long sword!
* * * LOW HITPOINT WARNING * * *
The orc closely misses you. x2; The orc is struck by your spines.
You kill the orc!
Trog accepts your kill.
The orc warrior hits you with a +0 long sword.
* * * LOW HITPOINT WARNING * * *
As you read the scroll labelled FAGHADO WAXKO, it crumbles to dust.
You feel strangely unstable.
It was a scroll of teleportation.
You feel sick. The orc is struck by your spines. The orc closely misses you.
The orc barely misses you. The orc warrior closely misses you.
You closely miss the orc.
You touch the orc.
You kill the orc!
Trog accepts your kill.
You feel sick.
You are no longer poisoned.
The orc is struck by your spines. The orc hits you but does no damage.
The orc warrior misses you. The orc barely misses you.
The orc warrior is struck by your spines.
The orc warrior completely misses you.
You hit the orc.
You kill the orc!
Trog accepts your kill.
The butterfly disappears in a burst of colours!
Jeremiah throws their arms up pleadingly.
Something smites you!
* * * LOW HITPOINT WARNING * * *
A demonic guardian appears!
The orc warrior hits you with a +0 long sword!
You die...

.......<.........#
..^#+#...........# ...
..........).....##...
......###))......[...
.......###))........#
..................$.#
......#...:.......####
..$...#...............
.... #..b.b..@)......
#......))o......
........b5..#####
?.......bb#..b
....b#.##F...b. .####b
.b....... .. .bb......
.. .........


You could see Jeremiah, an orc warrior and a friendly shadow imp (summoned).

Vanquished Creatures
  Sigmund (D:4)
  Edmund (D:6)
  A water moccasin (D:3)
  A crocodile (Sewer)
  A kobold brigand (D:7)
  3 wights (D:6)
  2 howler monkeys
  3 bombardier beetles
  2 hounds (D:4)
  2 jellies (D:6)
  3 iguanas
  A sleepcap (D:5)
  An orc wizard (D:3)
  A gnoll (D:1)
  14 adders
  2 river rats
  2 white imps
  2 ufetubi (D:6)
  5 dart slugs
  3 ribbon worms
  13 orcs
  6 bats
  10 endoplasms
  8 giant cockroaches
  5 goblins
  6 hobgoblins
  2 jackals (D:2)
  3 quokkas
  13 ball pythons
  3 frilled lizards
  22 kobolds
  10 rats
152 creatures vanquished.

Vanquished Creatures (collateral kills)
  Grinder (D:6)
1 creature vanquished.

Grand Total: 153 creatures vanquished

Notes
Turn   | Place    | Note
-------+----------+-------------------------------------------
     0 | D:1      | javelincjr the Demonspawn Berserker began the quest for the
                  | Orb.
     0 | D:1      | Reached XP level 1. HP: 18/18 MP: 1/1
   191 | D:1      | Gained mutation: Your touch may inflict minor irresistible
                  | damage on your foes. [demonic ancestry]
   191 | D:1      | Reached XP level 2. HP: 17/24 MP: 2/2
   455 | D:1      | Gained mutation: You are partially covered in sharp spines.
                  | [demonic ancestry]
   455 | D:1      | Reached XP level 3. HP: 23/29 MP: 3/3
  1046 | D:2      | Reached ** piety under Trog
  1117 | D:2      | Found a bloodstained altar of Trog.
  1786 | D:2      | Found a faded altar of an unknown god.
  2012 | D:3      | Noticed a water moccasin
  2018 | D:3      | Killed a water moccasin
  2019 | D:3      | Reached skill level 4 in Fighting
  2019 | D:3      | Reached skill level 1 in Staves
  2019 | D:3      | Reached skill level 1 in Stealth
  2019 | D:3      | Reached XP level 4. HP: 29/37 MP: 4/4
  2019 | D:3      | Reached XP level 5. HP: 33/42 MP: 5/5
  2518 | D:3      | Found a sparkling altar of Nemelex Xobeh.
  2745 | D:4      | Gained mutation: Your touch may inflict irresistible damage
                  | on your foes. [demonic ancestry]
  2745 | D:4      | Reached XP level 6. HP: 47/49 MP: 6/6
  2843 | D:4      | Found a glowing drain.
  2858 | Sewer    | Entered a sewer
  2865 | Sewer    | Reached *** piety under Trog
  3191 | Sewer    | Reached skill level 5 in Fighting
  3358 | D:4      | Gained mutation: You are mostly covered in sharp spines.
                  | [demonic ancestry]
  3358 | D:4      | Reached XP level 7. HP: 56/56 MP: 7/7
  3617 | D:4      | Noticed Sigmund
  3640 | D:4      | Killed Sigmund
  4149 | D:5      | Entered Level 5 of the Dungeon
  4194 | D:5      | Found Yfugek Rulin's Weapon Emporium.
  4426 | D:5      | Identified the +0 leather armour of Foolhardiness {Dex+3}
  4833 | D:6      | Found a broken altar of Ashenzari.
  4870 | D:6      | Reached skill level 6 in Fighting
  4912 | D:6      | Reached skill level 1 in Maces & Flails
  4989 | D:6      | Gained mutation: A weak demonic guardian rushes to your
                  | aid. [demonic ancestry]
  4989 | D:6      | Reached XP level 8. HP: 64/64 MP: 8/8
  5133 | D:6      | Noticed Edmund
  5139 | D:6      | Killed Edmund
  5555 | D:6      | Noticed Grinder
  5564 | D:6      | Paralysed by Grinder for 5 turns
  5573 | D:6      | Killed Grinder
  5967 | D:7      | Reached skill level 7 in Fighting
  5972 | D:7      | Noticed Jeremiah
  5979 | D:7      | HP: 1/67 [Jeremiah/divine providence (12)]
  5979 | D:7      | Mangled by an orc warrior

Illustrated notes

Levels and vault maps discovered:
D:1:      wander_arrival_lonely_grave, layout_basic
D:2:      kennysheep_big_flooded_room, layout_basic, basic_altar,
          basic_ecumenical_altar
D:3:      layout_basic, gammafunk_temple_overflow_claw, nicolae_eternal_life,
          minmay_circle_x
D:4:      layout_cave_pools, lemuel_round_altar, serial_co_window_serial,
          co_window_corner_a, co_window_paths_b, co_window_corner_a,
          co_window_paths_b, co_window_corner_a, co_window_paths_a,
          co_window_paths_b, co_window_2corner, co_window_paths_c,
          co_window_2corner, co_window_unsneaky_path_b, co_window_paths_c,
          co_window_cross_2, co_window_paths_c, glass_columns_c,
          glass_columns_a, glass_columns_a, gup_sewer_entry_bubbles,
          grunt_ministairs_4, minmay_misc_feat_rows, uniq_sigmund
D:5:      layout_cave_pools, serial_shops, nicolae_shop_window_shopping
D:6:      layout_cave_pods, ashenzari_altar_1, serial_rivers,
          chequers_serial_rivers_room_a, chequers_serial_rivers_large_b,
          chequers_serial_rivers_micro_a, chequers_serial_rivers_micro_a,
          chequers_serial_rivers_micro_c, uniq_grinder, uniq_edmund
D:7:      layout_basic, grunt_temple_overflow_open,
          minmay_temple_entry_offerings, serial_shops,
          nicolae_shop_tiny_statue_garden, nicolae_shop_window_shopping, shop,
          shop, kennysheep_mini_moat, uniq_jeremiah

Skill      XL: |  1  2  3  4  5  6  7  8 |
---------------+-------------------------+-----
Armour         | 2 3 4 |  4.4
Dodging        | 2 3 4 |  4.3
Polearms       | 3 |  3.0
Fighting       | 4 5 6 7 |  7.0
Staves         | 1 2 |  2.8
Stealth        | 1 2 3 |  3.9
Maces & Flails | 1 2 |  2.3

Action                     |  1- 3 |  4- 6 |  7- 9 || total
---------------------------+-------+-------+-------++-------
  Melee: Spear             |    27 |       |       ||    27
         Whip              |    42 |       |    42 ||    84
         Touch             |     4 |       |    11 ||    15
         Quarterstaff      |    13 |    95 |    45 ||   153
         Punch             |       |       |     1 ||     1
 Invoke: Berserk           |       |     1 |     3 ||     4
    Use: Scroll            |       |     3 |     3 ||     6
         Potion            |       |     3 |       ||     3
   Stab: Sleeping          |     3 |     1 |       ||     4
 Armour: Animal skin       |    38 |     5 |       ||    43
         Scale mail        |       |    41 |    41 ||    82
  Dodge: Dodged            |    38 |    46 |    42 ||   126
